 Dungeon Crawl Stone Soup version 0.31-a0-662-g684573625c (webtiles) character file.

Game seed: 8010444046769595098

382 Conn the Sneak (level 6, -1/37 HPs)
             Began as an Octopode Fire Elementalist on Sept 1, 2023.
             Slain by an orc
             ... wielding a +0 hand axe
              (4 damage)
             ... on level 5 of the Dungeon.
             The game lasted 00:13:32 (4459 turns).

Conn the Sneak (Octopode Fire Elementalist)         Turns: 4459, Time: 00:13:32

Health: -1/37      AC:  1    Str:  8    XL:     6   Next: 76%
Magic:  10/11      EV: 13    Int: 19    God:
Gold:   41         SH:  0    Dex: 12    Spells: 0/12 levels left

rFire   . . .        f - +3 whip (drain)
rCold   . . .        (no shield)
rNeg    + . .        (helmet restricted)
rPois   .            (no amulet)
rElec   .            p - ring of positive energy
rCorr   .            (no ring)
SInv    .            (no ring)
Will    .....        (no ring)
Stlth   ++++         (no ring)
HPRegen 0.26/turn    (no ring)
MPRegen 0.12/turn    (no ring)
                     (no ring)

%: no passive effects
@: on blink cooldown
A: almost no armour, amphibious, 8 rings, camouflage 1, gelatinous body 1,
(nimble swimmer 1), tentacles
a: no special abilities


You were on level 5 of the Dungeon.
You visited 1 branch of the dungeon, and saw 5 of its levels.

You collected 194 gold pieces.
You spent 153 gold pieces at shops.

Inventory:

Hand Weapons
 f - a +3 whip of draining (weapon)
Jewellery
 p - a ring of positive energy (left tentacle)
Scrolls
 i - 4 scrolls of enchant weapon
 j - a scroll of enchant armour
 l - 2 scrolls of blinking
 o - a scroll of revelation
Potions
 a - 2 potions of magic
 c - 3 potions of curing
 e - a potion of berserk rage
 g - a potion of enlightenment
 h - 2 potions of brilliance
 m - a potion of heal wounds {unknown}
 n - a potion of haste
 q - a potion of attraction {unknown}
 r - a potion of cancellation {unknown}


   Skills:
 + Level 0.6 Fighting
 + Level 1.0 Maces & Flails
 + Level 2.3 Dodging
 + Level 4.6 Stealth
 * Level 3.9 Spellcasting
 * Level 2.8 Conjurations
 + Level 4.3 Fire Magic


You couldn't memorise any spells.
You knew the following spells:

 Your Spells              Type           Power      Damage    Failure   Level
a - Foxfire               Conj/Fire      68%        2x1d7     3%          1
b - Scorch                Fire           40%        2d6       3%          2
c - Inner Flame           Hex/Fire       11%        N/A       17%         3
d - Flame Wave            Conj/Fire      17%        2d7       32%         4
e - Blink                 Tloc           6%         N/A       22%         2

Your spell library contained the following spells:

 Spells                   Type           Power      Damage    Failure   Level
 Momentum Strike          Conj/Tloc      18%        3d8       12%         2
 Sandblast                Erth           6%         2d5       14%         1
 Volatile Blastmotes      Fire/Tloc      22%        2d11      17%         3
 Lesser Beckoning         Tloc           6%         N/A       22%         2
 Passwall                 Tmut/Erth      2%         N/A       22%         2
 Wereblood                Tmut           3%         N/A       22%         2
 Stone Arrow              Conj/Erth      18%        3d8       24%         3
 Anguish                  Hex/Necr       1%         N/A       80%         4
 Cause Fear               Hex            1%         N/A       80%         4
 Irradiate                Conj/Tmut      4%         3d13      91%         5
 Enfeeble                 Hex            1%         N/A       100%        7


Dungeon Overview and Level Annotations

Branches:
Dungeon (5/15)
 Temple: D:4-7

Altars:
Ashenzari
Nemelex Xobeh
Xom

Shops:
D:1 *   D:5 (

Annotations:
D:5 Pikel


Innate Abilities, Weirdness & Mutations

You cannot wear most types of armour.
You are amphibious.
You can wear up to eight rings at the same time.
Your skin changes colour to match your surroundings (Stealth+).
Your rubbery body absorbs attacks. (AC +1, EV +1)
((You are camouflaged when in or above water. (Stealth+)))
You have tentacles for arms and can constrict up to eight enemies at once.


Message History

Unknown command.
Casting: Inner Flame (quite dangerous; 17% risk of failure)
Confirm with . or Enter, or press ? or * to list all spells.
You conjure some foxfire!
You hear some strange, mumbled words.
Something completely misses you.
Unknown command.
Casting: Foxfire (safe; 3% risk of failure)
Confirm with . or Enter, or press ? or * to list all spells.
You conjure some foxfire!
The foxfire hits something but does no damage. x2
Unknown command.
Casting: Foxfire (safe; 3% risk of failure)
Confirm with . or Enter, or press ? or * to list all spells.
You conjure some foxfire!
The foxfire hits something. x3
You hear some strange, mumbled words.
A puff of flame appears from out of thin air!
The puff of flame hits you!
Your magical contamination has completely faded away.
Okay, then.
Unknown command.
Unknown command.
Unknown command.
You aren't carrying any items that you can evoke.
Unknown command.
Unknown command.
Unknown command.
Unknown command.
Unknown command.
Magic courses through your body.
The foxfire hits something.
Something hits you.
Casting: Foxfire (safe; 3% risk of failure)
Confirm with . or Enter, or press ? or * to list all spells.
You blink.
A shadow imp comes into view.
The orc priest invokes the aid of Beogh against you.
Beogh smites you!
* * * LOW HITPOINT WARNING * * *
The orc hits you with a +0 hand axe.
You die...

#...# ## ....
.5#. ...###....
........#
.......# #?.....#
###.###......#
.......@.....#
###.###o)...##
..# #o##..#
#.###{##..##.
#.##{ยง.......
#.##..##..##.
#####.##..#...##
#...............
#####............


You could see an orc priest, a shadow imp and an orc (inner flame).

Vanquished Creatures
  A black bear (D:5)
  An ogre (D:5)
  Blork the orc (D:4)
  4 adders
  2 worms (D:2)
  2 dart slugs
  12 orcs
  10 endoplasms
  A giant cockroach (D:1)
  3 goblins
  12 hobgoblins
  4 jackals (D:2)
  8 kobolds
  A quokka (D:2)
  3 ball pythons
  7 bats
  3 frilled lizards
  7 rats
82 creatures vanquished.

Vanquished Creatures (others)
  241 foxfires
241 creatures vanquished.

Grand Total: 323 creatures vanquished

Notes
Turn   | Place    | Note
-------+----------+-------------------------------------------
     0 | D:1      | Conn the Octopode Fire Elementalist began the quest for the
                  | Orb.
     0 | D:1      | Reached XP level 1. HP: 11/11 MP: 3/3
   137 | D:1      | Reached XP level 2. HP: 17/17 MP: 0/5
   430 | D:1      | Found a faded altar of an unknown god.
   498 | D:1      | Found Zonnis's Assorted Antiques.
   505 | D:1      | Reached XP level 3. HP: 21/21 MP: 2/6
   788 | D:2      | Learned a level 2 spell: Scorch
   792 | D:2      | Learned a level 3 spell: Inner Flame
  1401 | D:2      | Reached XP level 4. HP: 27/27 MP: 7/7
  1502 | D:3      | Found a broken altar of Ashenzari.
  2286 | D:3      | Found a shimmering altar of Xom.
  2478 | D:4      | Noticed Blork the orc
  2653 | D:4      | Found a sparkling altar of Nemelex Xobeh.
  2693 | D:4      | Killed Blork the orc
  2694 | D:4      | Reached XP level 5. HP: 20/32 MP: 0/9
  3106 | D:1      | Bought a glass ring for 130 gold pieces
  3106 | D:1      | Bought a black potion for 23 gold pieces
  3566 | D:5      | Entered Level 5 of the Dungeon
  3573 | D:5      | Noticed a black bear
  3658 | D:4      | Learned a level 4 spell: Flame Wave
  3713 | D:5      | Noticed an ogre
  3720 | D:5      | Killed an ogre
  3721 | D:5      | Reached XP level 6. HP: 37/37 MP: 1/11
  3724 | D:5      | Killed a black bear
  3725 | D:5      | Reached skill level 1 in Maces & Flails
  3846 | D:5      | Found Vauz's Weapon Emporium.
  3971 | D:5      | Noticed an ice beast
  3971 | D:5      | Noticed Pikel
  4103 | D:5      | Learned a level 2 spell: Blink
  4459 | D:5      | Slain by an orc

Illustrated notes

Levels and vault maps discovered:
D:1:      scummos_arrival_star, layout_rooms, basic_ecumenical_altar,
          serial_shops, nicolae_diamond_shop, minmay_liquid_box
D:2:      layout_basic, minmay_misc_feat_plants
D:3:      layout_loops_cross, evilmike_ruin_ashenzari,
          mainiacjoe_overflow_six_doors_small
D:4:      layout_loops_ring, mainiacjoe_overflow_concentric_impassable,
          uniq_blork_the_orc
D:5:      due_chaos_kobolds, layout_basic, minmay_misc_feat_encased,
          wad_woods_river_04, nicolae_stop_n_shop_1, uniq_pikel

Skill      XL: |  1  2  3  4  5  6 |
---------------+-------------------+-----
Stealth        | 3 4 |  4.6
Spellcasting   | 3 |  3.9
Conjurations   | 2 |  2.8
Fire Magic     | 4 |  4.3
Maces & Flails | 1 |  1.0
Fighting       | |  0.6
Dodging        | |  2.3

Action                     |  1- 3 |  4- 6 || total
---------------------------+-------+-------++-------
  Melee: Unarmed           |     8 |    10 ||    18
         Tentacles         |     8 |     1 ||     9
         Constrict         |     8 |     6 ||    14
         Whip              |    26 |    15 ||    41
   Cast: Foxfire           |    57 |    85 ||   142
         Scorch            |       |    10 ||    10
         Inner Flame       |       |     3 ||     3
         Blink             |       |     2 ||     2
    Use: Scroll            |       |    13 ||    13
         Potion            |       |     7 ||     7
   Stab: Sleeping          |     4 |     4 ||     8
 Armour: Skin              |    16 |    23 ||    39
  Dodge: Dodged            |    21 |    12 ||    33

Table legend: (Time is in decaauts)
 A = Elapsed time spent in this place.
 B = Non-inter-level travel time spent in this place.
 C = Inter-level travel time spent in this place.
 D = Time resting spent in this place.
 E = Time spent auto-exploring this place.
 F = Levels seen in this place.
 G = Mean time per level.
                   A        B        C        D        E       F      G
               +--------+--------+--------+--------+--------+-----+--------+
         Total |   4456 |   4278 |    178 |    461 |   2686 |   5 |  891.2 |
       Dungeon |   4456 |   4278 |    178 |    461 |   2686 |   5 |  891.2 |
               +--------+--------+--------+--------+--------+-----+--------+

Top non-repeatable levels by time:
     D:4: 1451 daAuts
     D:3: 1070 daAuts
     D:1: 809 daAuts
     D:2: 700 daAuts
     D:5: 424 daAuts
